 Dungeon Crawl Stone Soup version 0.29-a0-823-gc37b1572da (webtiles) character file.

Game seed: 14422598824760260488

270 jimonade the Magician (level 6, -1/43 HPs)
             Began as a Djinni Fire Elementalist on July 9, 2022.
             Killed by an exploding orc (18 damage)
             ... ignited by their inner flame
             ... on level 3 of the Dungeon.
             The game lasted 00:11:20 (4628 turns).

jimonade the Magician (Djinni Fire Elementalist)    Turns: 4628, Time: 00:11:23

Health: -1/43      AC:  4    Str:  9    XL:     6   Next: 47%
Gold:   82         EV: 11    Int: 16    God:
                   SH:  4    Dex: 14

rFire   + + .      SeeInvis .   i - +2 whip (elec)
rCold   x . .      Faith    .   r - +0 buckler
rNeg    . . .      Spirit   .   s - +0 leather armour
rPois   ∞          Reflect  .   k - +0 helmet
rElec   .          Harm     .   (no cloak)
rCorr   .          Rampage  .   (no gloves)
Will    .....                   (boots unavailable)
Stlth   ++........              (no amulet)
HPRegen 0.14/turn               (no ring)
MPRegen 0.00/turn               (no ring)

@: flying
A: sickness immunity, fire resistance 2, cold vulnerability 1, float, innate
caster, HP casting, extra vitality 1
a: no special abilities


You were on level 3 of the Dungeon.
You visited 1 branch of the dungeon, and saw 3 of its levels.

You collected 82 gold pieces.

Inventory:

Hand Weapons
 c - a +0 dagger
 i - a +2 whip of electrocution (weapon)
 n - a +0 whip of venom
 v - a +1 dagger of protection
Missiles
 h - 38 stones
 u - 3 boomerangs
Armour
 d - a +0 ring mail
 j - a +0 animal skin
 k - a +0 helmet (worn)
 q - the +8 tower shield of Ulig {Dex+6 Stlth+}
   (You took it off a hobgoblin on level 2 of the Dungeon)

   Dex:       It affects your dexterity (+6).
   Stlth:     It makes you more stealthy.
 r - a +0 buckler (worn)
 s - a +0 leather armour (worn)
Scrolls
 a - a scroll of teleportation {unknown}
 f - a scroll of enchant armour {unknown}
 g - 3 scrolls of identify {unknown}
 l - a scroll of amnesia {unknown}
 t - a scroll of poison {unknown}
Potions
 b - a potion of curing {unknown}
 e - a potion of haste {unknown}
 m - a potion of heal wounds {unknown}
 o - 2 potions of degeneration {unknown}
 p - a potion of might


   Skills:
 * Level 1.7 Fighting
 + Level 0.4 Maces & Flails
 + Level 0.6 Armour
 + Level 2.6 Dodging
 - Level 1.5 Stealth
 + Level 1.0 Shields
 * Level 4.6 Spellcasting


You couldn't memorise any spells.
You knew the following spells:

 Your Spells              Type           Power      Damage    Failure   Level
a - Foxfire               Conj/Fire      72%        2x1d7     4%          1
b - Scorch                Fire           36%        2d7       7%          2
c - Conjure Flame         Conj/Fire      18%        6-21      14%         3
d - Inner Flame           Hex/Fire       18%        N/A       14%         3
e - Flame Wave            Conj/Fire      18%        2d6       41%         4
f - Necrotise             Necr           72%        1d7       4%          1
g - Call Imp              Summ           18%        N/A       7%          2
Your spell library was empty.

Dungeon Overview and Level Annotations

Branches:
Dungeon (3/15)

Altars:

Shops:
D:1 =


Innate Abilities, Weirdness & Mutations

You are immune to sickness and miasma.
You are immune to poison.
Your flesh is very heat resistant. (rF++)
You are vulnerable to cold. (rC-)
You float through the air rather than walking.
You learn spells naturally, not from books.
Your magical power is your life essence.
You have superior vitality. (+4 MHP)


Message History

Casting: Inner Flame (dangerous; 14% risk of failure)
Confirm with . or Enter, or press ? or * to list all spells.
Aiming: Inner Flame (dangerous; 14% risk of failure)
Press: ? - help, Dir - move target, f - orc wizard, p - orc
Aim: an orc wizard, wielding a +0 dagger and wearing a +0 robe (chance to affect: 73%)
The orc wizard struggles to resist.
The orc shouts!
The orc barely misses you.
Casting: Inner Flame (dangerous; 14% risk of failure)
Confirm with . or Enter, or press ? or * to list all spells.
Aiming: Inner Flame (dangerous; 14% risk of failure)
Press: ? - help, Dir - move target, f/p - orc wizard
Aim: an orc wizard, wielding a +0 dagger and wearing a +0 robe (chance to affect: 73%)
The orc wizard is filled with an inner flame.
Casting: Inner Flame (dangerous; 14% risk of failure)
Confirm with . or Enter, or press ? or * to list all spells.
Aiming: Inner Flame (dangerous; 14% risk of failure)
Press: ? - help, Dir - move target, f - orc, p - orc wizard
Aim: an orc, wielding a +0 hand axe and wearing a +0 ring mail (chance to affect: 85%)
The orc barely resists.
The orc wizard casts a spell.
The orc wizard flickers and vanishes!
Deactivating autopickup; reactivate with Ctrl-A.
Casting: Inner Flame (dangerous; 14% risk of failure)
Confirm with . or Enter, or press ? or * to list all spells.
Okay, then.
Unknown command.
Casting: Inner Flame (dangerous; 14% risk of failure)
Confirm with . or Enter, or press ? or * to list all spells.
Aiming: Inner Flame (dangerous; 14% risk of failure)
Press: ? - help, Dir - move target, f/p - orc
Aim: an orc, wielding a +0 hand axe and wearing a +0 ring mail (chance to affect: 85%)
The orc is filled with an inner flame.
The orc hits you with a +0 hand axe!
You hit the orc.
Flame seeps out of the orc.
The orc is heavily wounded.
The orc is engulfed in blazing flames.
The orc explodes!
The fiery explosion engulfs the orc!!
The fiery explosion engulfs you!! You resist.
You die...

# ... # ..##### #
#.....# #### #.....#
#... ..... ####.## §§{
....... #○# ###...
######@########### #...
..................# #...
...####..########.###..#
..................>#
#####.#######..###.##
#.# #..# #... #.. #..#
#..# ##. #..# #..# .
#..# #..#


There were no monsters in sight!

Vanquished Creatures
  3 jellies (D:2)
  2 orc wizards (D:3)
  Robin (D:2)
  An adder (D:2)
  3 gnolls (D:2)
  A dart slug (D:3)
  5 orcs (D:3)
  2 ball pythons
  10 endoplasms
  4 giant cockroaches
  9 hobgoblins
  4 jackals (D:1)
  13 kobolds
  2 bats (D:1)
  3 frilled lizards
  10 goblins
  3 rats
76 creatures vanquished.

Vanquished Creatures (others)
  48 foxfires
  8 toadstools (D:2)
56 creatures vanquished.

Grand Total: 132 creatures vanquished

Notes
Turn   | Place    | Note
-------+----------+-------------------------------------------
     0 | D:1      | jimonade the Djinni Fire Elementalist began the quest for
                  | the Orb.
     0 | D:1      | jimonade set off with the following spells memorised:
                  | Foxfire, Scorch, Conjure Flame, Inner Flame, Flame Wave.
     0 | D:1      | Reached XP level 1. HP: 15/15 MP: 0/0
    83 | D:1      | Found a faded altar of an unknown god.
   206 | D:1      | Reached XP level 2. HP: 17/21 MP: 0/0
   571 | D:1      | Found Liorokiepo's Jewellery Shop.
   672 | D:1      | Reached skill level 3 in Spellcasting
   811 | D:1      | Reached XP level 3. HP: 19/26 MP: 0/0
   811 | D:1      | Learned a level 1 spell: Necrotise
  1681 | D:2      | Noticed Robin
  2102 | D:2      | Reached XP level 4. HP: 24/31 MP: 0/0
  2103 | D:2      | Reached skill level 1 in Fighting
  2291 | D:2      | Killed Robin
  2934 | D:2      | Reached XP level 5. HP: 33/37 MP: 0/0
  2934 | D:2      | Learned a level 2 spell: Call Imp
  2939 | D:2      | Reached skill level 4 in Spellcasting
  3121 | D:2      | Identified the +8 tower shield of Ulig {Dex+6 Stlth+}
  3858 | D:2      | Reached XP level 6. HP: 25/42 MP: 0/0
  4270 | D:3      | Reached skill level 1 in Shields
  4559 | D:3      | Identified the +11 short sword "Haete" {flame, rCorr
                  | Stlth+}
  4628 | D:3      | Killed by an exploding orc... ignited by their inner flame

Illustrated notes

Levels and vault maps discovered:
D:1:      psy_arrival_radial01, layout_basic, serial_shops,
          nicolae_shop_behind_doors, shapermc_ecumenical_altar_mp_highgroup
D:2:      cheibrodos_fertilizer, layout_basic, uniq_robin
D:3:      layout_basic, overflow_temple_1_default, gammafunk_ghost_split

Skill      XL: |  1  2  3  4  5  6 |
---------------+-------------------+-----
Spellcasting   | 3 4 |  4.6
Fighting       | 1 |  1.7
Shields        | 1 |  1.0
Maces & Flails | |  0.4
Armour         | |  0.6
Dodging        | |  2.6
Stealth        | |  1.5

Action                   |  1- 3 |  4- 6 || total
-------------------------+-------+-------++-------
Melee: Whip              |       |    55 ||    55
 Cast: Foxfire           |    27 |     5 ||    32
       Scorch            |    16 |    22 ||    38
       Inner Flame       |     2 |    13 ||    15
 Stab: Sleeping          |       |     1 ||     1
Armor: Animal skin       |       |     3 ||     3
       Ring mail         |       |     9 ||     9
       Leather armour    |       |     4 ||     4
Dodge: Dodged            |     3 |    22 ||    25
Block: Tower shield      |       |    37 ||    37
       Buckler           |       |     1 ||     1

Table legend: (Time is in decaauts)
 A = Elapsed time spent in this place.
 B = Non-inter-level travel time spent in this place.
 C = Inter-level travel time spent in this place.
 D = Time resting spent in this place.
 E = Time spent auto-exploring this place.
 F = Levels seen in this place.
 G = Mean time per level.
                   A        B        C        D        E       F      G
               +--------+--------+--------+--------+--------+-----+--------+
         Total |   4649 |   4476 |    173 |   1000 |   2691 |   3 | 1549.7 |
       Dungeon |   4649 |   4476 |    173 |   1000 |   2691 |   3 | 1549.7 |
               +--------+--------+--------+--------+--------+-----+--------+

Top non-repeatable levels by time:
     D:2: 2353 daAuts
     D:1: 2062 daAuts
     D:3: 233 daAuts
